 Dungeon Crawl Stone Soup version 0.30-a0-2-gf48d83f5e2 (webtiles) character file.

Game seed: 15839810476509828094

30 SensoryNuts the Ducker (level 3, -4/37 HPs)
             Began as an Ogre Gladiator on Aug 20, 2022.
             Was a Follower of Makhleb.
             Slain by a gnoll
             ... wielding a +0 halberd
              (8 damage)
             ... on level 2 of the Dungeon.
             The game lasted 00:01:23 (1426 turns).

SensoryNuts the Ducker (Ogre Gladiator)             Turns: 1426, Time: 00:01:24

Health: -4/37      AC:  4    Str: 20    XL:     3   Next: 18%
Magic:  3/3        EV:  5    Int:  9    God:    Makhleb [*.....]
Gold:   118        SH:  0    Dex: 10    Spells: 2/2 levels left

rFire   . . .      SeeInvis .    a - +0 flail
rCold   . . .      Faith    .    (no shield)
rNeg    . . .      Spirit   .    b - +0 robe
rPois   .          Reflect  .    c - +1 hat
rElec   .          Harm     .    (no cloak)
rCorr   .          Rampage  .    (gloves unavailable)
Will    .....                    (boots unavailable)
Stlth   +.........               (no amulet)
HPRegen 0.12/turn                (no ring)
MPRegen 0.08/turn                (no ring)

@: held
A: large, unfitting armour, tough skin 1
a: Renounce Religion


You were on level 2 of the Dungeon.
You worshipped Makhleb.
Makhleb was aware of your devotion.
You visited 1 branch of the dungeon, and saw 2 of its levels.

You collected 118 gold pieces.

Inventory:

Hand Weapons
 a - a +0 flail (weapon)
Missiles
 d - a throwing net (quivered)
 e - a large rock
Armour
 b - a +0 robe (worn)
 c - a +1 hat (worn)
Scrolls
 f - a scroll of identify
 g - a scroll of teleportation {unknown}
 k - a scroll of fog


   Skills:
 + Level 3.0 Fighting
 + Level 3.2 Maces & Flails
 + Level 2.1 Throwing
 + Level 3.2 Dodging


You had 2 spell levels left.
You didn't know any spells.
Your spell library contained the following spells:

 Spells                   Type           Power      Damage    Failure   Level
 Conjure Flame            Conj/Fire      0%         6-21      77%         3
 Ignite Poison            Fire/Tmut/Pois 0%         N/A       77%         3
 Sticky Flame             Conj/Fire      0%         2d3       99%         4


Dungeon Overview and Level Annotations

Branches:
Dungeon (2/15)

Altars:
Makhleb

Shops:
D:1 =


Innate Abilities, Weirdness & Mutations

You are too large for most types of armour.
You have tough skin. (AC +1)


Message History

A gnoll comes into view. It is wielding a +0 spear.
A gnoll comes into view. It is wielding a +0 club.
The ball python bites you but does no damage.
You barely miss the ball python.
The ball python is heavily wounded.
The gnoll shouts! x2
The ball python bites you but does no damage.
The gnoll barely misses you.
You barely miss the ball python.
The ball python is heavily wounded.
The ball python bites you. The gnoll barely misses you.
The ball python closely misses you.
You hit the ball python.
The ball python is severely wounded.
The gnoll barely misses you. The ball python barely misses you.
The gnoll completely misses you.
You completely miss the ball python.
The ball python is severely wounded.
The ball python bites you but does no damage.
The gnoll barely misses you. The ball python bites you.
You sock the ball python!
You kill the ball python!
Makhleb accepts your kill. The gnoll completely misses you.
You barely miss the gnoll.
The gnoll hits you from afar with a +0 halberd!
You sock the gnoll!
The gnoll is heavily wounded.
The gnoll completely misses you.
The gnoll throws a throwing net.
The throwing net hits you.
You become entangled in the net!
The gnoll barely misses you. The gnoll hits you with a +0 club.
The gnoll barely misses you.
The gnoll hits you from afar with a +0 halberd!
You struggle against the net.
The gnoll hits you from afar with a +0 spear.
* * * LOW HITPOINT WARNING * * *
The gnoll hits you with a +0 club.
* * * LOW HITPOINT WARNING * * *
The gnoll hits you from afar with a +0 halberd!
You die...

#..........###
#.............
##########.............
#......................
#......................
#......................
#...........########...
##...g.......# #...
.....g.@.....# #...
.....#.g.##### #... ...
#...# #### . #...#
#...# #...# #...# #...#


You could see 3 gnolls.

Vanquished Creatures
  A dart slug (D:1)
  2 endoplasms (D:1)
  4 giant cockroaches
  2 hobgoblins (D:1)
  2 quokkas
  6 ball pythons
  2 bats
  A frilled lizard (D:1)
  3 kobolds
  2 rats (D:1)
25 creatures vanquished.

Notes
Turn   | Place    | Note
-------+----------+-------------------------------------------
     0 | D:1      | SensoryNuts the Ogre Gladiator began the quest for the Orb.
     0 | D:1      | Reached XP level 1. HP: 22/22 MP: 1/1
   201 | D:1      | Found Ampiud's Jewellery Shoppe.
   247 | D:1      | Reached XP level 2. HP: 23/29 MP: 2/2
  1246 | D:2      | Found a faded altar of an unknown god.
  1256 | D:2      | Reached XP level 3. HP: 37/37 MP: 3/3
  1258 | D:2      | Prayed at the altar of an unknown god.
  1258 | D:2      | Became a worshipper of Makhleb the Destroyer
  1258 | D:2      | Reached * piety under Makhleb
  1426 | D:2      | Slain by a gnoll

Illustrated notes

Levels and vault maps discovered:
D:1:      lemuel_arrival_muddy, layout_basic, serial_shops, shop
D:2:      layout_basic, nicolae_ecumenical_snake_handling

Skill      XL: |  1  2 |
---------------+-------+-----
Maces & Flails | 3 |  3.2
Dodging        | 3 |  3.2
Fighting       | 3 |  3.0
Throwing       | |  2.1

Action                   || total
-------------------------++-------
Melee: Flail             ||    89
       Punch             ||     1
Throw: Throwing net      ||     2
  Use: Scroll            ||     5
       Potion            ||     1
Armor: Robe              ||    30
Dodge: Dodged            ||    79

Table legend: (Time is in decaauts)
 A = Elapsed time spent in this place.
 B = Non-inter-level travel time spent in this place.
 C = Inter-level travel time spent in this place.
 D = Time resting spent in this place.
 E = Time spent auto-exploring this place.
 F = Levels seen in this place.
 G = Mean time per level.
                   A        B        C        D        E       F      G
               +--------+--------+--------+--------+--------+-----+--------+
         Total |   1452 |   1355 |     97 |    118 |   1011 |   2 |  726.0 |
       Dungeon |   1452 |   1355 |     97 |    118 |   1011 |   2 |  726.0 |
               +--------+--------+--------+--------+--------+-----+--------+

Top non-repeatable levels by time:
     D:1: 1154 daAuts
     D:2: 297 daAuts
